 Dungeon Crawl Stone Soup version 0.28-a0-1348-g050f3537b9 (webtiles) character file.

Game seed: 6170177090722852789

218 rickarolla the Covered (level 6, 0/48 HPs)
             Began as a Human Fighter on Dec 30, 2021.
             Slain by a gnoll (5 damage)
             ... on level 4 of the Dungeon.
             The game lasted 00:13:15 (3531 turns).

rickarolla the Covered (Human Fighter)              Turns: 3531, Time: 00:13:16

Health: 0/48       AC:  9    Str: 19    XL:     6   Next: 17%
Magic:  6/6        EV: 10    Int:  8    God:
Gold:   92         SH:  4    Dex: 12    Spells: 5/5 levels left

rFire   . . .      SeeInvis .   a - +0 long sword
rCold   . . .      Faith    .   c - +0 buckler
rNeg    . . .      Spirit   .   b - +0 scale mail
rPois   .          Reflect  .   (no helmet)
rElec   .          Harm     .   j - +1 cloak
rCorr   .          Rampage  .   (no gloves)
Will    .....                   (no boots)
Stlth   ..........              (no amulet)
HPRegen 0.16/turn               (no ring)
MPRegen 0.10/turn               (no ring)

@: no status effects
A: no striking features
a: no special abilities


You were on level 4 of the Dungeon.
You visited 1 branch of the dungeon, and saw 4 of its levels.

You collected 164 gold pieces.
You spent 72 gold pieces at shops.

Inventory:

Hand Weapons
 a - a +0 long sword (weapon)
Armour
 b - a +0 scale mail (worn)
 c - a +0 buckler (worn)
 j - a +1 cloak (worn)
Jewellery
 e - a ring of wizardry
Scrolls
 f - 3 scrolls of amnesia
 i - a scroll of summoning
 o - a scroll of acquirement {unknown}
Potions
 d - 2 potions of might
 h - a potion of attraction
 k - 2 potions of mutation {unknown}
 n - 3 potions of curing {unknown}
 p - a potion of flight {unknown}


   Skills:
 + Level 4.0 Fighting
 + Level 3.7 Long Blades
 + Level 4.1 Armour
 + Level 1.3 Dodging
 + Level 0.2 Stealth
 + Level 3.4 Shields


You had 5 spell levels left.
You didn't know any spells.
Your spell library contained the following spells:

 Spells                   Type           Power      Damage    Failure   Level
 Foxfire                  Conj/Fire      0%         2x1d4     80%         1
 Conjure Flame            Conj/Fire      0%         6-21      99%         3
 Inner Flame              Hex/Fire       0%         N/A       99%         3
 Flame Wave               Conj/Fire      0%         2d4       100%        4


Dungeon Overview and Level Annotations

Branches:
Dungeon (4/15)
 Temple: D:4-7

Altars:
Cheibriados
Sif Muna

Shops:
D:1 =   D:2 ?


Message History

As you read the scroll of summoning, it crumbles to dust.
Wisps of shadow whirl around you...
The orc shouts! x2; You hear a shout!
The kobold hits you but does no damage. The orc hits you with a +0 whip.
You closely miss the orc.
The gnoll hits your kobold with a +2 spear of freezing!
The gnoll freezes your kobold.
Your kobold dies!
Your kobold's corpse dissolves into shadows!
Your adder barely misses the gnoll.
The kobold hits you but does no damage.
Your orc hits the orc with a +0 dagger. The orc hits your orc with a +0 whip.
Your orc wizard hits the orc with a +0 dagger.
Your orc closely misses the kobold.
You completely miss the kobold.
Your adder bites the gnoll but does no damage.
The orc closely misses your orc wizard. The kobold barely misses you.
Your orc hits the orc with a +0 short sword.
The orc dies!
Your orc hits the kobold but does no damage.
Your orc wizard gestures wildly while chanting.
Your orc wizard flickers and vanishes for a moment.
Your adder bites the gnoll.
The gnoll is poisoned.
Your adder poisons the gnoll!
The orc hits your orc wizard with a +0 club.
The orc priest barely misses your orc.
You catch the helpless kobold completely off-guard!
You hit the kobold but do no damage. The gnoll closely misses you.
The kobold hits you but does no damage.
Your adder closely misses the gnoll.
Your orc closely misses the kobold.
Your orc misses the kobold.
Your orc barely misses the kobold.
A hornet comes into view.
The orc hits your orc with a +0 club.
The orc priest invokes the aid of Beogh against you.
Beogh smites you!
The gnoll hits you from afar with a +0 spear.
* * * LOW HITPOINT WARNING * * *
The gnoll hits you from afar with a +2 spear of freezing!
* * * LOW HITPOINT WARNING * * *
The gnoll freezes you.
You die...

,,,,,,*,,,,,..(...*.....##
,,,,,,,,,,...#....##.....#
,,,,,*,,,,...#y*#.......##
,,,,,,,,,,,....##........#
,,,,,,,,,,###..#........##
,,,,,,,,,,#..o..##......#
**,,,,,,,,.....o#o....###
***,,,,,,,,...#.oo..#.#
,,,,,,,,,,,,,*#o@Ko####
,,,,,,,,,....oo.o.##
,,,,,,,,,....o#ggS#
,,,**,,,,.....#g.##
,,,,,,,,,....,..##****
,,,,,,,**...##....#..#*
,,,,,,,,,...........<.*
,,,,,,,,,,#.......:...*
,,,,,,,,,,*.......g...**


You could see a hornet, an orc priest, 3 gnolls, 4 orcs, a kobold (ally target),
a friendly orc wizard (summoned, invisible), a friendly adder (summoned) and 5
friendly orcs.

Vanquished Creatures
  A jelly (D:2)
  An iguana (D:4)
  2 orc wizards (D:3)
  2 adders (D:2)
  4 worms
  2 dart slugs
  6 orcs
  7 endoplasms
  2 giant cockroaches
  5 goblins
  2 hobgoblins
  4 jackals
  4 kobolds
  A quokka (D:2)
  10 ball pythons
  6 bats
  6 frilled lizards
  A quokka skeleton (D:4)
  9 rats
75 creatures vanquished.

Vanquished Creatures (collateral kills)
  An orc (D:4)
1 creature vanquished.

Grand Total: 76 creatures vanquished

Notes
Turn   | Place    | Note
-------+----------+-------------------------------------------
     0 | D:1      | rickarolla the Human Fighter began the quest for the Orb.
     0 | D:1      | Reached XP level 1. HP: 18/18 MP: 1/1
   112 | D:1      | Found Xileor's Jewellery Emporium.
   273 | D:1      | Reached XP level 2. HP: 23/24 MP: 2/2
   734 | D:1      | Reached XP level 3. HP: 29/29 MP: 3/3
  1281 | D:2      | Reached XP level 4. HP: 16/35 MP: 4/4
  1429 | D:2      | Found a shimmering blue altar of Sif Muna.
  1531 | D:2      | Reached skill level 1 in Dodging
  1692 | D:2      | Found Tedifety's Magic Scroll Shoppe.
  1746 | D:2      | Bought a scroll of identify for 24 gold pieces
  1746 | D:2      | Bought a scroll of identify for 24 gold pieces
  1746 | D:2      | Bought a scroll of identify for 24 gold pieces
  1968 | D:2      | Reached XP level 5. HP: 38/41 MP: 5/5
  2832 | D:3      | Found a snail-covered altar of Cheibriados.
  3080 | D:3      | Found a faded altar of an unknown god.
  3494 | D:4      | Reached XP level 6. HP: 32/48 MP: 6/6
  3531 | D:4      | Noticed a hornet
  3531 | D:4      | Slain by a gnoll

Illustrated notes

Levels and vault maps discovered:
D:1:      dpeg_arrival_renting, layout_basic, serial_shops,
          nicolae_shop_crystal, minmay_misc_feat_diagonals
D:2:      layout_loops_ring, basic_altar, serial_shops,
          nicolae_shop_temple_entry_statues_fountains, minmay_misc_feat_iff,
          minmay_close_crescents
D:3:      layout_basic, cheibrodos_worm_habitat, ebering_ecumenical_altar_rust,
          nicolae_elevator_lobby_plus
D:4:      gammafunk_steamed_eel, layout_cave_pools, minmay_ogre_servants,
          uniq_crazy_yiuf_cottage

Skill      XL: |  1  2  3  4  5 |
---------------+----------------+-----
Dodging        | 1 |  1.3
Long Blades    | 3 |  3.7
Armour         | 4 |  4.1
Fighting       | 4 |  4.0
Stealth        | |  0.2
Shields        | |  3.4

Action                   |  1- 3 |  4- 6 || total
-------------------------+-------+-------++-------
Melee: Long sword        |    90 |   154 ||   244
  Use: Scroll            |     1 |     8 ||     9
       Potion            |       |     1 ||     1
 Stab: Distracted        |       |     1 ||     1
Armor: Scale mail        |    73 |    53 ||   126
Dodge: Dodged            |    47 |    74 ||   121
Block: Buckler           |    27 |    37 ||    64

Table legend: (Time is in decaauts)
 A = Elapsed time spent in this place.
 B = Non-inter-level travel time spent in this place.
 C = Inter-level travel time spent in this place.
 D = Time resting spent in this place.
 E = Time spent auto-exploring this place.
 F = Levels seen in this place.
 G = Mean time per level.
                   A        B        C        D        E       F      G
               +--------+--------+--------+--------+--------+-----+--------+
         Total |   3608 |   3533 |     75 |    188 |   2651 |   4 |  902.0 |
       Dungeon |   3608 |   3533 |     75 |    188 |   2651 |   4 |  902.0 |
               +--------+--------+--------+--------+--------+-----+--------+

Top non-repeatable levels by time:
     D:3: 1252 daAuts
     D:2: 1157 daAuts
     D:1: 1144 daAuts
     D:4: 53 daAuts
